 Dungeon Crawl Stone Soup version 0.30.1-11-g7821555f0a (webtiles) character file.

Game seed: 15854220548809844876

237 jagang the Slasher (level 6, 0/51 HPs)
             Began as a Barachi Monk on Nov 14, 2023.
             Slain by a gnoll
             ... wielding a +0 spear
              (6 damage)
             ... on level 4 of the Dungeon.
             The game lasted 00:06:29 (2641 turns).

jagang the Slasher (Barachi Monk)                   Turns: 2641, Time: 00:06:30

Health: 0/51       AC:  7    Str: 12    XL:     6   Next: 6%
Magic:  6/6        EV: 11    Int: 10    God:
Gold:   108        SH:  0    Dex: 17    Spells: 5/5 levels left

rFire   . . .        a - +0 falchion
rCold   . . .        d - orb {light}
rNeg    . . .        r - +0 ring mail
rPois   .            s - +0 helmet
rElec   .            g - +0 cloak
rCorr   +            (no gloves)
SInv    .            (no boots)
Will    .....        m - amulet of the acrobat
Stlth   +            j - ring of resist corrosion
HPRegen 0.28/turn    (no ring)
MPRegen 0.10/turn

%: acrobat
@: glowing, slow
A: amphibious, slowness 1, strong legs 1, +LOS
a: Hop


You were on level 4 of the Dungeon.
You visited 1 branch of the dungeon, and saw 4 of its levels.

You collected 108 gold pieces.

Inventory:

Hand Weapons
 a - a +0 falchion (weapon)
Missiles
 o - 3 javelins
Armour
 d - an orb of light (worn)
 g - a +0 cloak (worn)
 r - a +0 ring mail (worn)
 s - a +0 helmet (worn)
Jewellery
 j - a ring of resist corrosion (left hand)
 m - an amulet of the acrobat (around neck)
Scrolls
 f - 4 scrolls of identify {unknown}
 h - a scroll of fear {unknown}
 i - a scroll of silence {unknown}
 k - a scroll of acquirement {unknown}
 p - 3 scrolls of vulnerability {unknown}
Potions
 b - a potion of invisibility {unknown}
 c - a potion of ambrosia
 e - a potion of haste {unknown}
 l - 2 potions of might {unknown}
 n - 2 potions of flight {unknown}
 q - a potion of degeneration {unknown}
 t - 2 potions of curing {unknown}


   Skills:
 + Level 5.1 Fighting
 * Level 6.1 Long Blades
 + Level 3.1 Armour
 - Level 3.2 Dodging


You had 5 spell levels left.
You didn't know any spells.
Your spell library contained the following spells:

 Spells                   Type           Power      Damage    Failure   Level
 Kiss of Death            Conj/Necr      0%         2d5       63%         1
 Magic Dart               Conj           0%         1d3       63%         1
 Searing Ray              Conj           0%         2d4       77%         2
 Confusing Touch          Hex            0%         N/A       94%         3
 Dispel Undead            Necr           0%         3d6       100%        4
 Fulminant Prism          Conj/Hex       0%         3d5       100%        4


Dungeon Overview and Level Annotations

Branches:
Dungeon (4/15)
 Temple: D:4-7

Altars:


Innate Abilities, Weirdness & Mutations

You are amphibious.
You cover ground slowly.
You can hop short distances.
You have an extended range of vision and can be seen from far away.


Message History

You hit the ball python.
You kill the ball python!
You hit the hobgoblin.
The hobgoblin is heavily wounded.
The hobgoblin misses you.
You slash the hobgoblin!
You kill the hobgoblin!
You hit the giant cockroach but do no damage.
The giant cockroach bites you.
You hit the giant cockroach.
The giant cockroach is moderately wounded.
The giant cockroach barely misses you. The gnoll hits you but does no damage.
You hit the giant cockroach.
The giant cockroach is severely wounded.
The giant cockroach bites you but does no damage.
The gnoll hits you from afar with a +0 spear.
You hit the giant cockroach but do no damage.
The giant cockroach is severely wounded.
The giant cockroach bites you but does no damage.
The gnoll hits you from afar with a +0 spear.
The giant cockroach bites you but does no damage.
You slash the giant cockroach!
You kill the giant cockroach!
The gnoll hits you from afar with a +0 spear.
* * * LOW HITPOINT WARNING * * *
The gnoll barely misses you.
Things that are here:
a giant cockroach corpse; a ball python corpse You hit the gnoll.
The gnoll is heavily wounded.
The gnoll hits you with a +0 spear.
* * * LOW HITPOINT WARNING * * *
You hit the gnoll.
The gnoll is severely wounded.
The gnoll hits you with a +0 spear.
* * * LOW HITPOINT WARNING * * *
You barely miss the gnoll.
The gnoll is severely wounded.
The gnoll hits you with a +0 spear.
You die...

#..# .. .).#.###...#..#
#...... ..##...###...##
# ...#. #..#..#...###.#
#. .... ..##...#....#'#
...# #.g
..#.....#.....#
#...##)#B##..#....##.##
#...#..#.....#..#..#
#...##.#........##
###gg@..#....#..######
#####...#....##.....
###......#......
###...###....>
###.###..... #.##..####
#....## ######


You could see 2 gnolls.

Vanquished Creatures
  A scorpion (D:4)
  A jelly (D:3)
  An iguana (D:3)
  A gnoll (D:4)
  2 adders
  A worm (D:2)
  5 dart slugs
  3 orcs
  12 endoplasms
  5 giant cockroaches
  9 hobgoblins
  5 quokkas (D:1)
  9 ball pythons
  8 bats (D:1)
  4 frilled lizards
  3 goblins
  3 kobolds
  3 rats
76 creatures vanquished.

Notes
Turn   | Place    | Note
-------+----------+-------------------------------------------
     0 | D:1      | jagang the Barachi Monk began the quest for the Orb.
     0 | D:1      | Reached XP level 1. HP: 18/18 MP: 1/1
   115 | D:1      | Reached XP level 2. HP: 24/25 MP: 2/2
   119 | D:1      | Reached skill level 4 in Long Blades
   132 | D:1      | Reached skill level 1 in Armour
   348 | D:1      | Reached XP level 3. HP: 29/30 MP: 3/3
  1266 | D:2      | Found a faded altar of an unknown god.
  1294 | D:1      | Reached XP level 4. HP: 23/37 MP: 4/4
  1709 | D:2      | Reached skill level 5 in Long Blades
  1953 | D:3      | Reached XP level 5. HP: 43/43 MP: 5/5
  2547 | D:4      | Reached skill level 5 in Fighting
  2547 | D:4      | Reached skill level 6 in Long Blades
  2621 | D:4      | Reached XP level 6. HP: 40/51 MP: 6/6
  2641 | D:4      | Slain by a gnoll

Illustrated notes

Levels and vault maps discovered:
D:1:      dpeg_arrival_round_c, layout_basic, hex_tiny, minmay_pentomino_w4
D:2:      layout_rooms, basic_ecumenical_altar, grunt_ministairs_4
D:3:      layout_basic
D:4:      minmay_skewed_foursquare, layout_rooms, lemuel_crystal_altar

Skill      XL: |  1  2  3  4  5 |
---------------+----------------+-----
Long Blades    | 4 5 6 |  6.1
Armour         | 1 2 3 |  3.1
Fighting       | 4 5 |  5.1
Dodging        | |  3.2

Action                     |  1- 3 |  4- 6 || total
---------------------------+-------+-------++-------
  Melee: Falchion          |    87 |    97 ||   184
 Armour: Robe              |    25 |       ||    25
         Leather armour    |     9 |     8 ||    17
         Ring mail         |       |    19 ||    19
  Dodge: Dodged            |    82 |    65 ||   147
